AoeStats
← Tomato

Arena

509693632Analyzed
4v4 RM · 4d ago on Sep 27, 2026· 43m 14s· 8 players
Game mode
Random Map
Map size
Large (8 player)
Population
200
Speed
Normal
Resources
Standard
Victory
Conquest
Starting age
Dark Age
Ending age
Imperial Age
RankedLock teamsTeams togetherTeam positionsShared explorationLock speedFull tech treeHidden civsTurbo modeCheats
Victory
Defeat
🇨🇳 Poles · China
1560
+10
🇨🇳 Persians · China
1539
+11
🇨🇳 Hindustanis · China
1384
+17
🇨🇳 Wei · China
1348
+17
🇳🇱 Bohemians · Netherlands
1446
-15
🇫🇷 Khmer · France
1441
-15
🇳🇱 Varangians · Netherlands
1408
-14
🇹🇷 Ethiopians · Türkiye
1341
-11
Tomato
11:19 Feudal Age
11:23 Feudal Age
16:11 Castle Age
14:20 Double-Bit Axe
15:09 Loom
15:39 Horse Collar
16:02 Stone Mining
16:32 Gold Mining
19:10 Squires
19:24 Forging
19:33 Loom
20:43 Bow Saw
21:57 Heavy Plow
23:17 Wheelbarrow
23:59 Arson
23:59 Gambesons
27:10 Bloodlines
27:00 Husbandry
30:57 Imperial Age
29:34 Iron Casting
29:38 Stone Shaft Mining
29:57 Scale Mail Armor
30:02 Scale Barding Armor
32:18 Conscription
31:20 Gothikon
31:44 Elite Varangian Guard
33:03 Chain Mail Armor
34:29 Plate Mail Armor
36:10 Fortified Wall
37:02 Blast Furnace
40:43 Ballistics
40:18 Fletching
40:28 Padded Archer Armor
40:59 Cranequins
LogsandBoats
10:25 Feudal Age
14:08 Castle Age
12:21 Double-Bit Axe
12:35 Horse Collar
15:38 Bow Saw
21:47 Wheelbarrow
21:52 Heavy Plow
22:57 Hand Cart
23:22 Town Watch
24:23 Loom
24:48 Scale Mail Armor
24:52 Pikeman
25:33 Squires
25:56 Man-at-Arms
30:47 Imperial Age
29:05 Chain Mail Armor
29:00 Forging
29:20 Arson
31:43 Iron Casting
32:27 Chemistry
32:00 Plate Mail Armor
30:52 Halberdier
31:59 Conscription
33:59 Two-Man Saw
34:15 Blast Furnace
34:38 Wagenburg Tactics
39:42 Masonry
42:34 Elite Hussite Wagon
hypn0s
10:16 Feudal Age
13:22 Castle Age
11:49 Double-Bit Axe
12:34 Horse Collar
14:18 Bow Saw
15:42 Heavy Plow
17:04 Loom
21:26 Wheelbarrow
22:50 Gold Mining
24:09 Hand Cart
27:42 Imperial Age
26:45 Bloodlines
26:36 Husbandry
27:13 Forging
27:49 Scale Barding Armor
29:02 Conscription
29:10 Tusk Swords
30:57 Gold Shaft Mining
31:14 Iron Casting
31:41 Elite Battle Elephant
36:06 Blast Furnace
38:59 Scale Mail Armor
39:08 Pikeman
41:41 Halberdier
42:37 Chain Mail Armor
44:04 Chemistry
43:24 Ballistics
Taksim Buse
10:22 Feudal Age
14:02 Castle Age
12:09 Double-Bit Axe
12:08 Horse Collar
15:03 Bow Saw
14:54 Heavy Plow
19:49 Wheelbarrow
21:24 Gold Mining
23:32 Hand Cart
26:18 Imperial Age
24:30 Scale Mail Armor
24:30 Fletching
24:40 Padded Archer Armor
25:06 Ballistics
24:37 Loom
24:39 Town Watch
25:32 Gold Shaft Mining
24:52 Stone Mining
25:19 Bodkin Arrow
26:21 Masonry
26:32 Leather Archer Armor
25:54 Crossbowman
26:40 Thumb Ring
27:11 Bracer
27:14 Town Patrol
26:44 Arbalester
28:39 Chemistry
29:31 Two-Man Saw
29:39 Stone Shaft Mining
29:54 Ring Archer Armor
32:08 Halberdier
32:49 Squires
32:50 Scale Mail Armor
33:00 Forging
33:45 Conscription
33:51 Chain Mail Armor
35:46 Architecture
36:08 Plate Mail Armor
37:13 Iron Casting
赶脚的柠檬头
10:39 Feudal Age
14:36 Castle Age
12:54 Double-Bit Axe
13:11 Horse Collar
15:26 Heavy Plow
20:28 Bow Saw
21:26 Szlachta Privileges
22:37 Bloodlines
22:38 Scale Barding Armor
22:47 Husbandry
24:19 Chain Barding Armor
24:58 Forging
28:00 Gold Mining
28:46 Wheelbarrow
31:57 Imperial Age
31:02 Iron Casting
30:37 Loom
31:08 Hand Cart
31:20 Stone Mining
32:03 Cavalier
32:14 Capped Ram
34:21 Stone Shaft Mining
35:32 Blast Furnace
36:51 Town Watch
43:03 Elite Obuch
44:08 Conscription
860
11:12 Feudal Age
12:52 Double-Bit Axe
15:25 Castle Age
13:31 Horse Collar
14:11 Gold Mining
16:37 Bow Saw
16:40 Heavy Plow
21:27 Wheelbarrow
22:20 Stone Mining
24:15 Gold Shaft Mining
24:19 Stone Shaft Mining
25:22 Loom
28:19 Imperial Age
26:28 Ballistics
26:01 Fletching
27:12 Hand Cart
26:45 Town Watch
27:23 Bodkin Arrow
27:29 Padded Archer Armor
27:46 Arson
28:02 Squires
27:24 Pikeman
28:14 Tuntian
28:52 Thumb Ring
30:07 Parthian Tactics
31:06 Chemistry
31:48 Conscription
32:38 Bracer
32:53 Leather Archer Armor
32:40 Murder Holes
32:56 Fortified Wall
34:06 Ming Guang Armor
35:01 Hoardings
35:14 Husbandry
35:25 Bloodlines
34:35 Light Cavalry
36:06 Hussar
38:45 Caravan
39:57 Ring Archer Armor
39:38 Forging
39:33 Scale Barding Armor
41:04 Halberdier
柠檬头的喜悦
10:18 Feudal Age
13:56 Castle Age
11:58 Double-Bit Axe
12:21 Horse Collar
19:47 Bow Saw
22:01 Wheelbarrow
21:51 Heavy Plow
23:47 Hand Cart
23:32 Gold Mining
25:14 Gold Shaft Mining
27:49 Imperial Age
25:49 Scale Barding Armor
26:12 Forging
26:52 Chain Barding Armor
26:30 Loom
26:31 Town Watch
28:02 Iron Casting
27:33 Husbandry
27:59 Bloodlines
27:41 Cavalier
28:42 Conscription
29:01 Plate Barding Armor
28:57 Savar
31:07 Blast Furnace
34:43 Two-Man Saw
34:15 Crop Rotation
35:30 Coinage
35:11 Guilds
37:35 Banking
40:22 Town Patrol
42:23 Caravan
93老玩家回归
10:18 Feudal Age
14:31 Castle Age
13:24 Double-Bit Axe
14:43 Horse Collar
16:42 Wheelbarrow
18:03 Bow Saw
28:27 Imperial Age
25:46 Loom
26:43 Scale Barding Armor
26:49 Forging
26:34 Gold Mining
26:51 Heavy Plow
26:52 Stone Mining
26:58 Stone Mining
27:41 Fletching
27:51 Padded Archer Armor
28:39 Ballistics
28:30 Masonry
30:19 Chemistry
29:18 Bodkin Arrow
29:44 Chain Barding Armor
29:41 Leather Archer Armor
30:01 Iron Casting
30:31 Gold Shaft Mining
30:33 Stone Shaft Mining
30:26 Husbandry
29:47 Heavy Camel Rider
30:38 Bloodlines
30:32 Grand Trunk Road
30:53 Conscription
31:44 Plate Barding Armor
31:10 Bracer
31:55 Shatagni
32:24 Imperial Camel Rider
35:58 Blast Furnace
35:29 Ring Archer Armor
39:55 Light Cavalry
Connection lost

Rejoining the realm…

Still unreachable

The connection could not be restored.

Session expired

The server has moved on; the page needs a fresh start.